 Dungeon Crawl Stone Soup version 0.31.0-12-g77e489cdc1 (webtiles) character file.

Game seed: 11715637462550758528

2431 ChrisAssaf the Cleaver (level 9, -9/72 (74) HPs)
             Began as a Gnoll Chaos Knight on Feb 29, 2024.
             Was an Elder of Sif Muna.
             Mangled by a death yak (15 damage)
             ... on level 8 of the Dungeon.
             The game lasted 00:29:47 (6998 turns).

ChrisAssaf the Cleaver (Gnoll Chaos Knight)         Turns: 6998, Time: 00:29:47

HP:   -9/72 (74)    AC: 11    Str: 14    XL:     9   Next: 48%
MP:   5/15          EV: 13    Int: 11    God:    Sif Muna [****..]
Gold: 300           SH:  4    Dex: 12    Spells: 0/16 levels left

rFire   . . .        q - +0 trident (distort)
rCold   + . .        (no shield)
rNeg    . . .        b - +3 leather armour
rPois   .            (no helmet)
rElec   .            n - +1 cloak {Stlth+}
rCorr   .            (no gloves)
SInv    +            (no boots)
Will    .....        (no amulet)
Stlth   +++          f - ring of protection from cold
HPRegen 0.32/turn    a - +4 ring of protection
MPRegen 0.14/turn

%: random rage (3%)
@: marked, very slightly contaminated, lightly drained
A: fangs 1, strong nose, distributed training, large bone plates 1, see
invisible, berserk 1, deformed body, dopey 1, mutation resistance 1, inability
to read after injury 1
a: Renounce Religion, Channel Magic, Forget Spell, Divine Exegesis


You were on level 8 of the Dungeon.
You worshipped Sif Muna.
Sif Muna was greatly pleased with you.
You visited 1 branch of the dungeon, and saw 8 of its levels.

You collected 402 gold pieces.
You spent 102 gold pieces at shops.

Inventory:

Hand Weapons
 l - a +1 shortbow of flaming
 m - the +8 dagger of Understanding {antimagic, Int+4 Dex+3}
   (You found it on level 3 of the Dungeon)

   Int+4:     It affects your intelligence (+4).
   Dex+3:     It affects your dexterity (+3).
 q - a +0 trident of distortion (weapon)
Missiles
 i - 6 curare-tipped darts (quivered)
 j - 5 atropa-tipped darts
 k - 4 boomerangs
 p - a throwing net
 y - 4 darts of dispersal
Armour
 b - a +3 leather armour (worn)
 n - a +1 cloak of stealth (worn)
Jewellery
 a - a +4 ring of protection (right hand)
 f - a ring of protection from cold (left hand)
 t - a ring of positive energy
 x - a ring of fire
Wands
 c - a wand of flame (21)
 s - a wand of charming (2)
Scrolls
 h - a scroll of amnesia
 w - 3 scrolls of fog
Potions
 d - a potion of berserk rage
 e - 3 potions of degeneration
 g - 2 potions of curing
 o - 2 potions of mutation
 r - a potion of enlightenment {unknown}
 u - a potion of might {unknown}
 v - a potion of attraction


   Skills:
 + Level 8.0 Fighting
 + Level 4.4 Short Blades
 + Level 4.4 Long Blades
 + Level 8.0 Axes
 + Level 4.4 Maces & Flails
 + Level 4.4 Polearms
 + Level 4.4 Staves
 + Level 4.4 Ranged Weapons
 + Level 4.4 Throwing
 + Level 6.5 Armour
 + Level 5.2 Dodging
 + Level 4.4 Stealth
 + Level 4.4 Shields
 + Level 4.4 Unarmed Combat
 + Level 4.4 Spellcasting
 + Level 3.7 Conjurations
 + Level 3.7 Hexes
 + Level 3.7 Summonings
 + Level 3.7 Necromancy
 + Level 3.7 Translocations
 + Level 3.7 Fire Magic
 + Level 3.7 Ice Magic
 + Level 3.7 Air Magic
 + Level 3.7 Earth Magic
 + Level 3.7 Alchemy
 + Level 4.9 Invocations
 + Level 4.4 Evocations
 + Level 4.0 Shapeshifting


You couldn't memorise any spells.
You knew the following spells:

 Your Spells              Type           Power      Damage    Failure   Level
a - Call Imp              Summ           20%        N/A       10%         2
b - Summon Lightning Spi  Summ/Air       10%        N/A       52%         4
c - Vampiric Draining     Necr           10%        2d6       19%         3
d - Summon Hydra          Summ           5%         N/A       100%        7

Your spell library contained the following spells:

 Spells                   Type           Power      Damage    Failure   Level
 Necrotise                Necr           40%        1d6       6%          1
 Sublimation of Blood     Necr           10%        N/A       10%         2
 Animate Armour           Summ/Erth      20%        N/A       52%         4
 Martyr's Knell           Necr/Summ      10%        N/A       52%         4
 Curse of Agony           Necr           10%        N/A       86%         5
 Lee's Rapid Deconstruct  Erth           5%         3d6*      86%         5


Dungeon Overview and Level Annotations

Branches:
Dungeon (8/15)             Temple (0/1) D:5            Lair (0/5) D:8

Altars:
Elyvilon
Gozag
Makhleb
Sif Muna
Vehumet

Shops:
D:3 (


Innate Abilities, Weirdness & Mutations

You have very sharp teeth.
Your uncanny sense of smell can sniff out nearby items.
Your experience applies equally to all skills.
You are partially covered in large bone plates. (SH +4)
You have supernaturally acute eyesight. (SInv)
You sometimes lose your temper in combat.
Armour fits poorly on your strangely shaped body.
You are dopey. (Int -2)
You are somewhat resistant to further mutation.
You occasionally lose the ability to read scrolls when taking damage.


Message History

* * * LOW HITPOINT WARNING * * *
An orc wizard comes into view. It is wielding a +0 dagger.
The jelly closely misses your cerulean imp.
Your cerulean imp hits the jelly with a -3 spear.
Your cerulean imp is burned by acid!
Casting: Vampiric Draining (dangerous; 19% risk of failure)
Confirm with . or Enter, or press ? or * to list all spells.
Aiming: Vampiric Draining (dangerous; 19% risk of failure)
Press: ? - help, Shift-Dir - straight line, f/p - jelly
Aim: a jelly (severely wounded, not watching you, ally target)
You draw life force from the jelly!
You kill the jelly!
Sif Muna accepts your kill.
You feel life coursing into your body.
You feel sick. The death yak misses you. The orc wizard casts a spell at you.
You easily resist.
You puncture the death yak!
The death yak is lightly wounded.
You feel sick.
Your cerulean imp hits the death yak from afar with a -3 spear.
The death yak gores you.
* * * LOW HITPOINT WARNING * * *
An orc comes into view. It is wielding a +0 hand axe.
You feel sick.
You are no longer poisoned.
Your cerulean imp hits the death yak but does no damage.
The death yak attacks as it pursues you!
The death yak gores you.
* * * LOW HITPOINT WARNING * * *
Your cerulean imp hits the death yak but does no damage.
The death yak attacks as it pursues you!
The death yak closely misses you.
An orc comes into view. It is wielding a +0 mace.
You hit the death yak but do no damage.
The death yak is lightly wounded.
The death yak blinks!
An orc comes into view. It is wielding a +0 hand axe.
Your cerulean imp hits the death yak but does no damage.
The death yak gores you!
You die...

....>.......
..#.....T..
....Y.....######+###
......Y..T...#.....#
#.....Y.....#.....#
.##..........#.....#
......§§§.§.##.....#
....#§§§§§§.##@Y.(.#
.....§§§§§§Y#......#
....##§§§.T§##.5...#
+## ##§.§.Y.##Y....#
+...§.yY.Y..o..#
#####+####...o.#
.##....<.##.....##
..............o..#
###...........o....#


You could see 3 death yaks, an orc wizard, 2 orcs and a friendly cerulean imp
(summoned).

Vanquished Creatures
  Maurice (D:7)
  3 ice beasts
  A black bear (D:5)
  A centaur (D:5)
  A phantom (D:7)
  A kobold brigand (D:6)
  A scorpion (D:4)
  3 wights (D:7)
  3 killer bees (D:7)
  2 jellies
  3 orc priests
  2 hounds (D:6)
  Crazy Yiuf (D:3)
  Terence (D:3)
  2 sleepcaps
  2 iguanas (D:5)
  2 orc wizards
  Robin (D:3)
  9 adders
  4 gnolls (D:4)
  2 shadow imps (D:4)
  3 white imps
  2 ufetubi (D:4)
  A dart slug (D:5)
  A ribbon worm (D:3)
  20 orcs
  4 bats
  6 endoplasms
  4 giant cockroaches
  19 goblins
  6 hobgoblins
  3 quokkas
  8 ball pythons
  6 frilled lizards
  17 kobolds
  9 rats
155 creatures vanquished.

Vanquished Creatures (collateral kills)
  Prince Ribbit (D:6)
  A kobold brigand (D:7)
  A killer bee (D:7)
  A jelly (D:5)
  A quasit (D:4)
  A hound (D:5)
  2 ufetubi (D:4)
  A ribbon worm (D:3)
9 creatures vanquished.

Vanquished Creatures (others)
  2 killer bees (D:7)
2 creatures vanquished.

Grand Total: 166 creatures vanquished

Notes
Turn   | Place    | Note
-------+----------+-------------------------------------------
     0 | D:1      | ChrisAssaf the Gnoll Chaos Knight began the quest for the
                  | Orb.
     0 | D:1      | Reached XP level 1. HP: 23/23 MP: 1/1
   140 | D:1      | Reached XP level 2. HP: 29/29 MP: 2/2
   201 | D:1      | Found a faded altar of an unknown god.
   215 | D:1      | Prayed at the altar of an unknown god.
   215 | D:1      | Fell from the grace of Xom
   215 | D:1      | Became a worshipper of Sif Muna the Loreminder
   215 | D:1      | Reached * piety under Sif Muna
   266 | D:1      | Learned a level 2 spell: Call Imp
   353 | D:1      | XOM: give mutations
   353 | D:1      | Gained mutation: You have a pair of small horns on your
                  | head. [Xom's mischief]
   353 | D:1      | Lost mutation: You have a pair of small horns on your head.
                  | [Xom's mischief]
   353 | D:1      | Gained mutation: You occasionally shout uncontrollably at
                  | your foes. [Xom's mischief]
   353 | D:1      | Gained mutation: You are dopey. (Int -2) [Xom's mischief]
   373 | D:1      | Reached XP level 3. HP: 27/35 MP: 3/3
   395 | D:1      | XOM: give mutations
   395 | D:1      | Gained mutation: You have supernaturally acute eyesight.
                  | (SInv) [Xom's grace]
   395 | D:1      | Gained mutation: You are partially covered in large bone
                  | plates. (SH +4) [Xom's grace]
   794 | D:2      | Reached skill level 1 in Invocations
   922 | D:2      | Reached skill level 1 in Short Blades
   922 | D:2      | Reached skill level 1 in Long Blades
   922 | D:2      | Reached skill level 1 in Maces & Flails
   922 | D:2      | Reached skill level 1 in Polearms
   922 | D:2      | Reached skill level 1 in Staves
   922 | D:2      | Reached skill level 1 in Ranged Weapons
   922 | D:2      | Reached skill level 1 in Throwing
   922 | D:2      | Reached skill level 1 in Stealth
   922 | D:2      | Reached skill level 1 in Shields
   922 | D:2      | Reached skill level 1 in Unarmed Combat
   922 | D:2      | Reached skill level 1 in Spellcasting
   922 | D:2      | Reached skill level 1 in Evocations
  1047 | D:2      | Reached skill level 1 in Shapeshifting
  1047 | D:2      | Reached XP level 4. HP: 41/41 MP: 5/5
  1517 | D:3      | Reached skill level 1 in Conjurations
  1517 | D:3      | Reached skill level 1 in Hexes
  1517 | D:3      | Reached skill level 1 in Summonings
  1517 | D:3      | Reached skill level 1 in Necromancy
  1517 | D:3      | Reached skill level 1 in Translocations
  1517 | D:3      | Reached skill level 1 in Fire Magic
  1517 | D:3      | Reached skill level 1 in Ice Magic
  1517 | D:3      | Reached skill level 1 in Air Magic
  1517 | D:3      | Reached skill level 1 in Earth Magic
  1517 | D:3      | Reached skill level 1 in Alchemy
  1517 | D:3      | Found Pedgh's Antique Weapon Shoppe.
  1586 | D:3      | Bought a runed shortbow for 102 gold pieces
  1616 | D:3      | Noticed Robin
  1618 | D:3      | Reached ** piety under Sif Muna
  1638 | D:3      | Killed Robin
  1707 | D:3      | Reached XP level 5. HP: 43/47 MP: 5/7
  1724 | D:3      | Learned a level 4 spell: Summon Lightning Spire
  1812 | D:3      | Noticed Terence
  1824 | D:3      | Killed Terence
  1841 | D:3      | Identified the +8 dagger of Understanding {antimagic, Int+4
                  | Dex+3}
  1938 | D:3      | XOM: summons 2 hostile demons
  2128 | D:3      | Found a radiant altar of Vehumet.
  2161 | D:3      | XOM: give mutations
  2161 | D:3      | Gained mutation: Armour fits poorly on your strangely
                  | shaped body. [Xom's mischief]
  2161 | D:3      | Gained mutation: You are somewhat resistant to further
                  | mutation. [Xom's mischief]
  2317 | D:3      | XOM: summons 1 hostile demon
  2464 | D:3      | Found a runed translucent door.
  2465 | D:3      | Noticed Crazy Yiuf
  2476 | D:3      | Killed Crazy Yiuf
  2477 | D:3      | Reached XP level 6. HP: 37/53 MP: 0/8
  2889 | D:3      | XOM: give mutations
  2889 | D:3      | Gained mutation: You sometimes lose your temper in combat.
                  | [Xom's mischief]
  2889 | D:3      | Lost mutation: You occasionally shout uncontrollably at
                  | your foes. [Xom's mischief]
  2925 | D:4      | Noticed an ice beast
  2938 | D:4      | Killed an ice beast
  2939 | D:4      | Reached skill level 5 in Armour
  3149 | D:4      | XOM: give mutation
  3149 | D:4      | Gained mutation: You occasionally lose the ability to read
                  | scrolls when taking damage. [Xom's mischief]
  3261 | D:4      | Reached *** piety under Sif Muna
  3428 | D:4      | Found a shimmering blue altar of Sif Muna.
  3464 | D:4      | Reached XP level 7. HP: 59/59 MP: 10/10
  3529 | D:4      | XOM: polymorph cerulean imp -> white imp
  3631 | D:4      | Learned a level 3 spell: Vampiric Draining
  4061 | D:5      | Entered Level 5 of the Dungeon
  4089 | D:5      | Found an opulent altar of Gozag.
  4353 | D:5      | Reached XP level 8. HP: 66/67 MP: 4/12
  4411 | D:5      | XOM: noise
  4441 | D:5      | XOM: noise
  4605 | D:5      | Found a staircase to the Ecumenical Temple.
  4610 | D:5      | XOM: silly message
  4672 | D:5      | XOM: silly message
  4891 | D:6      | XOM: silly message
  4948 | D:6      | Reached **** piety under Sif Muna
  4950 | D:6      | XOM: silly message
  4984 | D:6      | XOM: silly message
  5065 | D:6      | Noticed Prince Ribbit
  5077 | D:6      | Killed Prince Ribbit
  5187 | D:6      | XOM: silly message
  5387 | D:6      | XOM: silly message
  5453 | D:6      | XOM: silly message
  5571 | D:6      | XOM: silly message
  5728 | D:6      | XOM: silly message
  5825 | D:6      | Found a burning altar of Makhleb.
  5931 | D:7      | Noticed Maurice
  5943 | D:7      | Maurice stole a ring of positive energy
  5944 | D:7      | Maurice stole a +1 shortbow of flaming
  5948 | D:7      | Maurice stole 180 gold
  5953 | D:7      | Killed Maurice
  5954 | D:7      | Reached XP level 9. HP: 28/74 MP: 0/15
  5996 | D:7      | Reached skill level 5 in Dodging
  6205 | D:7      | Learned a level 7 spell: Summon Hydra
  6269 | D:7      | Found a white marble altar of Elyvilon.
  6975 | D:8      | Noticed a death yak
  6977 | D:8      | Noticed a death yak
  6979 | D:8      | Noticed a death yak
  6980 | D:8      | Noticed a death yak
  6981 | D:8      | Found a staircase to the Lair.
  6981 | D:8      | Noticed a death yak
  6981 | D:8      | Noticed a death yak
  6981 | D:8      | Noticed a troll
  6983 | D:8      | Noticed a hornet
  6998 | D:8      | Mangled by a death yak

Illustrated notes

Levels and vault maps discovered:
D:1:      saegor_arrival_miasma, layout_rooms,
          ebering_ecumenical_altar_abandoned, minmay_box_of_dots
D:2:      layout_basic, chequers_serial_rivers_small_a
D:3:      layout_loops_ring, lemuel_crystal_altar, serial_shops,
          nicolae_shop_window_shopping, columned_hall_lemuel,
          uniq_crazy_yiuf_cottage, uniq_terence, uniq_robin
D:4:      layout_basic, mainiacjoe_overflow_catwalk, serial_demonic,
          serial_demonic_c, serial_demonic_d, serial_demonic_b, serial_demonic_a
D:5:      layout_cave_pools, nicolae_gozag_seed_capital,
          minmay_temple_entry_grid, st_stairs_14, serial_bayou_crossing
D:6:      layout_basic, kennysheep_mini_moat, uniq_prince_ribbit1
D:7:      layout_cave_pools, old_standard_altar, uniq_maurice
D:8:      layout_gridville, mainiacjoe_overflow_six_doors_small,
          mainiacjoe_overflow_24_doors, mainiacjoe_overflow_alcove_4,
          okawaru_gym_becter, dpeg_lair_monsters, serial_shops,
          kennysheep_little_box, uniq_jeremiah

Skill      XL: |  1  2  3  4  5  6  7  8  9 |
---------------+----------------------------+-----
Invocations    | 1 2 3 4 |  4.9
Short Blades   | 1 2 3 4 |  4.4
Long Blades    | 1 2 3 4 |  4.4
Maces & Flails | 1 2 3 4 |  4.4
Polearms       | 1 2 3 4 |  4.4
Staves         | 1 2 3 4 |  4.4
Ranged Weapons | 1 2 3 4 |  4.4
Throwing       | 1 2 3 4 |  4.4
Stealth        | 1 2 3 4 |  4.4
Shields        | 1 2 3 4 |  4.4
Unarmed Combat | 1 2 3 4 |  4.4
Spellcasting   | 1 2 3 4 |  4.4
Evocations     | 1 2 3 4 |  4.4
Shapeshifting  | 1 2 3 4 |  4.0
Conjurations   | 1 2 3 |  3.7
Hexes          | 1 2 3 |  3.7
Summonings     | 1 2 3 |  3.7
Necromancy     | 1 2 3 |  3.7
Translocations | 1 2 3 |  3.7
Fire Magic     | 1 2 3 |  3.7
Ice Magic      | 1 2 3 |  3.7
Air Magic      | 1 2 3 |  3.7
Earth Magic    | 1 2 3 |  3.7
Alchemy        | 1 2 3 |  3.7
Dodging        | 3 4 5 |  5.2
Armour         | 5 6 |  6.5
Fighting       | 7 8 |  8.0
Axes           | 7 8 |  8.0

Action                     |  1- 3 |  4- 6 |  7- 9 || total
---------------------------+-------+-------+-------++-------
  Melee: Hand axe          |    77 |    67 |       ||   144
         Bite              |     5 |    18 |    14 ||    37
         Punch             |     1 |     4 |     4 ||     9
         Dagger            |       |    78 |   120 ||   198
         Shortbow          |       |     2 |       ||     2
         Trident           |       |       |     2 ||     2
   Fire: Shortbow          |       |    55 |    87 ||   142
  Throw: Boomerang         |       |     3 |     3 ||     6
   Cast: Call Imp          |       |     6 |    20 ||    26
         Vampiric Draining |       |       |    10 ||    10
  Evoke: Wand              |       |       |    11 ||    11
    Use: Scroll            |     8 |     2 |    12 ||    22
         Potion            |       |       |     5 ||     5
   Stab: Sleeping          |     1 |       |     2 ||     3
         Petrifying        |       |     2 |       ||     2
 Armour: Leather armour    |    31 |   129 |   115 ||   275
  Dodge: Dodged            |    44 |   112 |   102 ||   258
  Block: Other             |     8 |    25 |    27 ||    60
